 Dungeon Crawl Stone Soup version 0.18.1-48-g4cf74bf (webtiles) character file.

56 Gargoyl the Skirmisher (level 3, 0/31 HPs)
             Began as a Demonspawn Abyssal Knight on June 28, 2016.
             Was a Follower of Lugonu.
             Succumbed to an adder's poison
             ... on level 2 of the Dungeon.
             The game lasted 00:03:10 (1350 turns).

Gargoyl the Skirmisher (Demonspawn Abyssal Knight)  Turns: 1350, Time: 00:03:11

Health: 0/31       AC:  7    Str: 13    XL:     3   Next: 71%
Magic:  3/6        EV: 11    Int: 18    God:    Lugonu [*.....]
Gold:   63         SH:  0    Dex: 12    Spells: 0 memorised, 6 levels left

rFire  . . .     SeeInvis .     a - +1 hand axe
rCold  . . .     Gourm    .     o - +0 ring mail
rNeg   . . .     Faith    .     (no shield)
rPois  .         Spirit   .     (no helmet)
rElec  .         Dismiss  .     (no cloak)
rCorr  .         Reflect  .     (no gloves)
SustAt .         Harm     .     (no boots)
MR     .....                    (no amulet)
Stlth  +.........               (no ring)
                                (no ring)

@: brilliant, lethally poisoned (0 -> -12), flying, not resistant to hostile
enchantments, very unstealthy
A: slimy green scales 1, rot immunity
a: Depart the Abyss, Renounce Religion


You were on level 2 of the Dungeon.
You worshipped Lugonu.
Lugonu was aware of your devotion.
You were hungry.

You visited 1 branch of the dungeon, and saw 2 of its levels.
You visited the Abyss 1 time.

You collected 63 gold pieces.

Inventory:

Hand Weapons
 a - a +1 hand axe (weapon)
Missiles
 h - 7 tomahawks (quivered)
Armour
 o - a +0 ring mail (worn)
Scrolls
 d - a scroll of blinking {unknown}
 e - 2 scrolls of magic mapping {unknown}
 f - 2 scrolls of identify {unknown}
 g - 2 scrolls of fog {unknown}
 j - a scroll of recharging {unknown}
 k - a scroll of amnesia {unknown}
 l - a scroll of enchant weapon {unknown}
 r - a scroll of teleportation {unknown}
Comestibles
 c - a bread ration
 p - 3 chunks of flesh
 q - a meat ration


   Skills:
 + Level 4.4 Fighting
 + Level 3.1 Axes
 + Level 2.2 Throwing
 * Level 4.1 Armour
 + Level 2.8 Dodging
 + Level 2.5 Stealth
 + Level 2.2 Unarmed Combat
 + Level 2.2 Spellcasting
 + Level 4.4 Invocations


You had 6 spell levels left.
You didn't know any spells.

Dungeon Overview and Level Annotations

Branches:
Dungeon (2/15)

Altars:


Innate Abilities, Weirdness & Mutations

You are partially covered in slimy green scales (AC +2).
You are immune to rotting.


Message History

Your experience leads to an increase in your attributes!
Increase (S)trength, (I)ntelligence, or (D)exterity?
You feel stronger.
Your demonic ancestry asserts itself...
Slimy green scales grow over part of your body.
* * * LOW HITPOINT WARNING * * *
You feel sick. The adder bites you but does no damage.
Drink which item? (? for menu, Esc to quit)
It was a potion of brilliance.
You feel clever all of a sudden.
* * * LOW HITPOINT WARNING * * *
You feel sick. The adder barely misses you. x2
Drink which item? (? for menu, Esc to quit)
It was a potion of cure mutation.
It has a very clean taste.
* * * LOW HITPOINT WARNING * * *
You feel sick. The adder bites you but does no damage.
Drink which item? (? for menu, Esc to quit)
It was a potion of flight.
You feel very buoyant.
You fly up into the air.
You die...

.## # #.............#
#$............#
#.......$.....#
#.............#
+......≈......+
#%....!.......#
#.....S†......#
#.....)@(.....#
#.......).....#
#.........)...#
#......(......#
#######'##########..#
#((........#..#
##.####....#..# #.#
#.####..#
#.####.####..#


You could see an adder.

Vanquished Creatures
  A dart slug (D:1)
  4 giant cockroaches (D:1)
  A goblin (D:2)
  5 hobgoblins
  2 bats (D:1)
  A giant newt (D:2)
  2 kobolds
  3 rats (D:1)
19 creatures vanquished.

Notes
Turn   | Place    | Note
--------------------------------------------------------------
     0 | Abyss:1  | Gargoyl the Demonspawn Abyssal Knight began the quest for the Orb.
     0 | Abyss:1  | Reached XP level 1. HP: 18/18 MP: 2/2
     2 | Abyss:1  | Found a corrupted altar of Lugonu.
    69 | Abyss:2  | Found a corrupted altar of Lugonu.
    87 | Abyss:2  | Noticed a rust devil
   124 | Abyss:2  | Noticed a large abomination
   125 | Abyss:2  | Noticed a large abomination
   127 | D:1      | Escaped the Abyss
   140 | D:1      | Reached skill level 1 in Dodging
   165 | D:1      | Reached * piety under Lugonu
   672 | D:1      | Gained mutation: You are immune to rotting. [demonic ancestry]
   672 | D:1      | Reached XP level 2. HP: 22/24 MP: 3/3
  1347 | D:2      | Gained mutation: You are partially covered in slimy green scales (AC +2). [demonic ancestry]
  1347 | D:2      | Reached XP level 3. HP: 4/31 MP: 3/6
  1349 | D:2      | HP: 1/31 [poisoned by an adder]
  1350 | D:2      | Succumbed to an adder's poison

Skill      XL: |  1  2 |
---------------+-------+-----
Dodging        | 1 2 |  2.8
Armour         | 4 |  4.1
Fighting       | 4 |  4.4
Axes           | 3 |  3.1
Throwing       | 2 |  2.2
Stealth        | 2 |  2.5
Unarmed Combat | 2 |  2.2
Spellcasting   | 2 |  2.2
Invocations    | 4 |  4.4

Action                   || total
-------------------------++-------
Melee: Hand axe          ||    60
Invok: Depart the Abyss  ||     1
  Use: Scroll            ||     1
       Potion            ||     4
  Eat: Chunk             ||     1
Armor: Leather armour    ||    10
       Ring mail         ||     8
Dodge: Dodged            ||    57
